Oilers vs Canucks

Created - April-05-14 at 10:37

Goals
1 2 3 T
Oilers 0 2 0 2
Canucks 2 0 2 4
Shots
1 2 3 T
Oilers 4 5 4 13
Canucks 10 10 16 36

1st period

1. Canucks , Claude Giroux 22 (Alex Pietrangelo) at 7:51 (PP)
2. Canucks , Ryan OReilly 11 (Lars Eller, Alex Pietrangelo) at 8:12

Penalties :
Drew Miller (EDM) for High sticking (Minor) at 6:13, Nick Schultz (EDM) for Hooking (Minor) at 11:47, Jeff Schultz (EDM) for Hooking (Minor) at 17:05

2nd period

3. Oilers , Nick Schultz 5 (Drew Miller, Scott Hannan) at 1:29 (PP)
4. Oilers , Scott Hannan 6 (Ben Street, Nick Schultz) at 5:54 (PP)

Penalties :
Alex Chiasson (VAN) for High sticking (Minor) at 1:14, Chris Phillips (EDM) for Holding (Minor) at 1:40, P.K. Subban (VAN) for Interference (Minor) at 4:14, Erik Karlsson (VAN) for Holding (Minor) at 6:48

3rd period

5. Canucks , Scott Hartnell 8 (Ryan OReilly, Jonas Brodin) at 6:35
6. Canucks , Mikko Koivu 22 (Logan Couture) at 13:36

Penalties :
Alex Pietrangelo (VAN) for Roughing (Minor) at 8:08, Drew Miller (EDM) for Roughing (Minor) at 8:08

Goalie Stats

Richard Bachman (EDM), 32 saves from 36 shots - (0.889), L, 5-14-2, 60:00 minutes
Henrik Lundqvist (VAN), 11 saves from 13 shots - (0.846), W, 35-31-2, 60:00 minutes

Players Stats for Oilers

Player Name              G  A  P  +/- PIM S  H  SB GA TA FO     MP     PP MP  PK MP  
------------------------------------------------------------------------------------
Adam Burish              0  0  0  -1  0   0  5  0  0  0  0/0    16:55   2:05   0:08 
Ben Street               0  1  1   0  0   0  0  0  0  0  12/17  15:00   1:49   2:33 
Brandon Sutter           0  0  0  -1  0   1  0  0  0  0  4/15   14:49   0:00   0:00 
Brian Flynn              0  0  0   0  0   0  0  0  0  0  1/2     4:28   0:00   2:41 
Chris Phillips           0  0  0   0  2   1  6  0  0  0  0/0    18:22   1:43   3:11 
Colin McDonald           0  0  0  -1  0   0  0  0  0  0  5/9    12:14   0:00   4:54 
Daniel Bang              0  0  0  -1  0   1  1  0  0  0  0/0    18:58   2:05   0:28 
David Backes             0  0  0   0  0   0  0  0  0  0  0/0     0:00   0:00   0:00 
Dennis Wideman           0  0  0   0  0   1  2  0  0  0  0/0    17:33   0:00   4:04 
Drew Miller              0  1  1  -1  4   2  2  1  0  0  0/0    18:19   1:49   0:00 
Dustin Jeffrey           0  0  0  -1  0   2  0  0  0  0  17/28  21:42   2:05   4:26 
Erik Gustafsson          0  0  0  -1  0   0  2  0  0  0  0/0    20:04   0:00   2:58 
Jeff Schultz             0  0  0  -1  2   0  3  2  0  0  0/0    21:57   1:43   2:22 
Jochen Hecht             0  0  0  -1  0   2  0  0  0  0  3/3    16:32   0:00   0:00 
Nick Schultz             1  1  2  -2  2   1  1  1  0  0  0/0    21:38   2:11   2:19 
Nikolai Kulemin          0  0  0  -1  0   0  2  0  0  0  1/1    14:49   0:00   0:00 
Scott Hannan             1  1  2  -2  0   1  2  1  0  0  0/0    20:23   2:11   0:16 
Trevor Smith             0  0  0  -1  0   1  0  0  0  0  0/2    16:38   1:49   0:00 

Players Stats for Canucks

Player Name              G  A  P  +/- PIM S  H  SB GA TA FO     MP     PP MP  PK MP  
------------------------------------------------------------------------------------
Adam Henrique            0  0  0   0  0   4  0  0  0  0  2/2    17:35   0:00   0:52 
Alex Chiasson            0  0  0   0  2   0  1  0  0  0  0/2    19:24   3:13   0:00 
Alex Pietrangelo         0  2  2   2  2   0  0  1  0  0  0/0    23:19   3:27   1:37 
Andrei Loktionov         0  0  0   0  0   0  0  0  0  0  0/1     3:58   0:00   0:00 
Claude Giroux            1  0  1   0  0   4  5  0  0  0  9/24   19:14   3:46   0:00 
Dmitry Kulikov           0  0  0   0  0   0  1  0  0  0  0/0    17:34   3:27   0:03 
Erik Karlsson            0  0  0   2  2   1  1  1  0  0  0/0    20:37   3:27   0:59 
Jonas Brodin             0  1  1   1  0   1  0  2  0  0  0/0    17:45   0:00   1:34 
Lars Eller               0  1  1   2  0   2  0  0  0  0  1/4    14:50   1:17   2:38 
Logan Couture            0  1  1   1  0   3  0  0  0  0  1/1    19:02   3:46   0:00 
Marcus Kruger            0  0  0   0  0   1  0  0  0  0  2/3     6:29   0:00   0:52 
Matt Carle               0  0  0   0  0   1  0  1  0  0  0/0    16:28   0:41   2:17 
Mikko Koivu              1  0  1   1  0   4  2  0  0  0  14/29  21:26   3:08   3:02 
P.K. Subban              0  0  0   1  2   2  3  0  0  0  0/0    24:14   4:08   1:18 
Phil Kessel              0  0  0   1  0   2  1  0  0  0  0/2    19:02   3:46   0:00 
Ryan Johansen            0  0  0   0  0   1  1  0  0  0  0/0     7:47   3:49   0:00 
Ryan OReilly             1  1  2   2  0   7  0  0  0  0  4/8    12:14   0:00   0:24 
Scott Hartnell           1  0  1   2  0   3  2  0  0  0  1/1    13:05   0:00   0:00 

3 Stars

1 - Ryan OReilly (VAN)
2 - Scott Hartnell (VAN)
3 - Claude Giroux (VAN)

Power Play

Oilers - 2 on 3 Attempt(s) - 66.67%
Canucks - 1 on 4 Attempt(s) - 25.00%

Penalty Kill

Oilers - 3 on 4 Attempt(s) - 75.00% - Score 0 goal in Penalty Kill
Canucks - 1 on 3 Attempt(s) - 33.33% - Score 0 goal in Penalty Kill

Official

Referees : Kyle Rehman and Jon Mclsaac
Linesman : Pierre Racicot and Lonnie Cameron

Game Notes

Ben Street is injured at 3:08 of 3rd period (Sprained Left Ankle)

Finance

Level 1 -- Attendance: 6240 (96.00%) -- Ticket Income $499,200
Level 2 -- Attendance: 4594 (91.88%) -- Ticket Income $298,610
Level 3 -- Attendance: 3436 (98.17%) -- Ticket Income $171,800
Level 4 -- Attendance: 2780 (97.20%) -- Ticket Income $69,500
Luxury Box -- Attendance: 633 (63.30%) -- Ticket Income $158,250
Game was played at the Rogers Arena
Total Attendance: 17683 (93.76%)
Total Ticket Income: $1,197,360
Other Income: $179,604
Total Income: $1,376,964


% Time on Ice - Oilers

Lines # - Real PCT - Wanted PCT - Time Play
Normal Forward
1 - 30% - 45% - 13:57
2 - 36% - 30% - 16:32
3 - 32% - 15% - 14:49
4 - 3% - 10% - 1:14
Normal Defense
1 - 34% - 42% - 15:51
2 - 36% - 30% - 16:37
3 - 28% - 14% - 12:49
4 - 3% - 14% - 1:15
PP Forward
1 - 53% - 60% - 2:05
2 - 47% - 40% - 1:49
PP Defense
1 - 44% - 60% - 1:43
2 - 56% - 40% - 2:11
PK Forward
1 - 65% - 60% - 4:54
2 - 35% - 40% - 2:41
PK Defense
1 - 41% - 60% - 3:07
2 - 59% - 40% - 4:28
PK3 Forward
1 - 0% - 60%
2 - 0% - 40%
PK3 Defense
1 - 0% - 60%
2 - 0% - 40%
44 Forward
1 - 100% - 60% - 1:59
2 - 0% - 40% - 0:00
44 Defense
1 - 34% - 60% - 0:40
2 - 66% - 40% - 1:19
Last Minute Offensive  - 0:00
Last Minute Defensive  - 0:00
Total
Forward - 60:00
Defense - 60:00

% Time on Ice - Canucks

Lines # - Real PCT - Wanted PCT - Time Play
Normal Forward
1 - 33% - 34% - 15:16
2 - 33% - 32% - 15:28
3 - 25% - 26% - 11:50
4 - 9% - 8% - 3:58
Normal Defense
1 - 35% - 34% - 16:12
2 - 33% - 32% - 15:27
3 - 28% - 25% - 12:49
4 - 4% - 9% - 2:04
PP Forward
1 - 50% - 60% - 3:46
2 - 50% - 40% - 3:49
PP Defense
1 - 55% - 62% - 4:08
2 - 45% - 38% - 3:27
PK Forward
1 - 78% - 60% - 3:02
2 - 22% - 40% - 0:52
PK Defense
1 - 41% - 50% - 1:37
2 - 59% - 50% - 2:17
PK3 Forward
1 - 0% - 60%
2 - 0% - 40%
PK3 Defense
1 - 0% - 60%
2 - 0% - 40%
44 Forward
1 - 63% - 52% - 1:15
2 - 37% - 48% - 0:44
44 Defense
1 - 66% - 51% - 1:18
2 - 34% - 49% - 0:41
Last Minute Offensive  - 0:00
Last Minute Defensive  - 0:00
Total
Forward - 60:00
Defense - 60:00

Play by Play

1st period


0:01 of 1st period - Dustin Jeffrey wins face-off versus Mikko Koivu in neutral zone.
0:04 of 1st period - Logan Couture is hit by Adam Burish and loses puck.
0:17 of 1st period - Shot by Mikko Koivu.
0:17 of 1st period - Stopped by Richard Bachman without a rebound.
0:18 of 1st period - Ben Street wins face-off versus Claude Giroux in Oilers zone.
1:31 of 1st period - Shot by Lars Eller.
1:31 of 1st period - Shot Misses the Net.
1:36 of 1st period - Ryan OReilly is hit by Jeff Schultz and loses puck.
3:15 of 1st period - Shot by Andrei Loktionov.
3:15 of 1st period - Shot Misses the Net.
3:35 of 1st period - Shot by Andrei Loktionov.
3:35 of 1st period - Shot Misses the Net.
3:49 of 1st period - Shot by Claude Giroux.
3:49 of 1st period - Deflect By Adam Henrique.
3:49 of 1st period - Stopped by Richard Bachman without a rebound.
3:50 of 1st period - Dustin Jeffrey wins face-off versus Lars Eller in Oilers zone.
3:50 of 1st period - Adam Burish is hit by Scott Hartnell and loses puck.
4:00 of 1st period - Ryan OReilly is hit by Jeff Schultz and loses puck.
4:52 of 1st period - Icing by Alex Pietrangelo.
4:53 of 1st period - Claude Giroux wins face-off versus Ben Street in Canucks zone.
4:58 of 1st period - Shot by Jochen Hecht.
4:58 of 1st period - Stopped by Henrik Lundqvist without a rebound.
4:59 of 1st period - Ben Street wins face-off versus Mikko Koivu in Canucks zone.
5:06 of 1st period - Shot by Jochen Hecht.
5:06 of 1st period - Stopped by Henrik Lundqvist without a rebound.
5:07 of 1st period - Ben Street wins face-off versus Mikko Koivu in Canucks zone.
6:04 of 1st period - Shot by Claude Giroux.
6:04 of 1st period - Stopped by Richard Bachman with a rebound.
6:12 of 1st period - Matt Carle is hit by Drew Miller and loses puck.
6:13 of 1st period - Minor Penalty to Drew Miller for High sticking.
6:14 of 1st period - Mikko Koivu wins face-off versus Dustin Jeffrey in Oilers zone.
7:03 of 1st period - Dustin Jeffrey is hit by Phil Kessel and loses puck.
7:28 of 1st period - Shot by Logan Couture.
7:28 of 1st period - Stopped by Richard Bachman without a rebound.
7:29 of 1st period - Ben Street wins face-off versus Claude Giroux in Oilers zone.
7:51 of 1st period - Shot by Claude Giroux.
7:51 of 1st period - Goal by Claude Giroux - Oilers : 0 - Canucks : 1.
7:52 of 1st period - Ryan OReilly wins face-off versus Brandon Sutter in neutral zone.
7:59 of 1st period - Icing by Scott Hannan.
8:00 of 1st period - Ryan OReilly wins face-off versus Brandon Sutter in Oilers zone.
8:12 of 1st period - Shot by Ryan OReilly.
8:12 of 1st period - Goal by Ryan OReilly - Oilers : 0 - Canucks : 2.
8:13 of 1st period - Ben Street wins face-off versus Claude Giroux in neutral zone.
8:34 of 1st period - Shot by Adam Henrique.
8:34 of 1st period - Stopped by Richard Bachman with a rebound.
8:37 of 1st period - Icing by Erik Gustafsson.
8:38 of 1st period - Mikko Koivu wins face-off versus Ben Street in Oilers zone.
8:45 of 1st period - Shot by Phil Kessel.
8:45 of 1st period - Stopped by Richard Bachman with a rebound.
8:47 of 1st period - Shot by Logan Couture.
8:47 of 1st period - Stopped by Richard Bachman with a rebound.
8:49 of 1st period - Shot by Mikko Koivu.
8:49 of 1st period - Shot Misses the Net.
8:51 of 1st period - Shot by P.K. Subban.
8:51 of 1st period - Shot Misses the Net.
9:15 of 1st period - Mikko Koivu is hit by Drew Miller and loses puck.
10:01 of 1st period - Shot by Adam Henrique.
10:01 of 1st period - Shot Blocked by Jeff Schultz.
10:19 of 1st period - Icing by Erik Karlsson.
10:20 of 1st period - Dustin Jeffrey wins face-off versus Claude Giroux in Canucks zone.
10:42 of 1st period - Off-side.
10:43 of 1st period - Mikko Koivu wins face-off versus Brandon Sutter in neutral zone.
10:45 of 1st period - Jonas Brodin is hit by Chris Phillips and loses puck.
11:20 of 1st period - Off-side.
11:21 of 1st period - Dustin Jeffrey wins face-off versus Lars Eller in neutral zone.
11:47 of 1st period - Minor Penalty to Nick Schultz for Hooking.
11:48 of 1st period - Mikko Koivu wins face-off versus Dustin Jeffrey in Oilers zone.
12:46 of 1st period - Icing by Claude Giroux.
12:47 of 1st period - Claude Giroux wins face-off versus Ben Street in Canucks zone.
13:29 of 1st period - Logan Couture is hit by Jeff Schultz and loses puck.
13:49 of 1st period - Icing by Nick Schultz.
13:50 of 1st period - Nikolai Kulemin wins face-off versus Ryan OReilly in Oilers zone.
14:14 of 1st period - Off-side.
14:15 of 1st period - Dustin Jeffrey wins face-off versus Andrei Loktionov in neutral zone.
14:35 of 1st period - Shot by Dustin Jeffrey.
14:35 of 1st period - Stopped by Henrik Lundqvist without a rebound.
14:36 of 1st period - Ben Street wins face-off versus Claude Giroux in Canucks zone.
14:47 of 1st period - Shot by Adam Henrique.
14:47 of 1st period - Shot Misses the Net.
15:07 of 1st period - Shot by Adam Henrique.
15:07 of 1st period - Shot Blocked by Nick Schultz.
15:09 of 1st period - Shot by Claude Giroux.
15:09 of 1st period - Shot Misses the Net.
16:38 of 1st period - Shot by Brandon Sutter.
16:38 of 1st period - Stopped by Henrik Lundqvist with a rebound.
16:40 of 1st period - Shot by Erik Gustafsson.
16:40 of 1st period - Shot Blocked by Erik Karlsson.
17:05 of 1st period - Minor Penalty to Jeff Schultz for Hooking.
17:06 of 1st period - Dustin Jeffrey wins face-off versus Mikko Koivu in Oilers zone.
17:15 of 1st period - Shot by Erik Karlsson.
17:15 of 1st period - Shot Misses the Net.
17:50 of 1st period - Icing by Claude Giroux.
17:51 of 1st period - Dustin Jeffrey wins face-off versus Claude Giroux in Canucks zone.
18:00 of 1st period - Shot by Colin McDonald.
18:00 of 1st period - Shot Blocked by Alex Pietrangelo.
18:47 of 1st period - Ryan Johansen is hit by Chris Phillips.
19:37 of 1st period - Shot by Scott Hartnell.
19:37 of 1st period - Stopped by Richard Bachman with a rebound.
Goals for this period are 0 for Oilers vs 2 for Canucks.
Shots for this period are 4 for Oilers vs 10 for Canucks.

2nd period


0:01 of 2nd period - Dustin Jeffrey wins face-off versus Phil Kessel in neutral zone.
0:29 of 2nd period - Alex Pietrangelo is hit by Adam Burish and loses puck.
1:13 of 2nd period - Jochen Hecht is hit by Claude Giroux.
1:14 of 2nd period - Minor Penalty to Alex Chiasson for High sticking.
1:15 of 2nd period - Ben Street wins face-off versus Mikko Koivu in Canucks zone.
1:15 of 2nd period - Ben Street is hit by P.K. Subban.
1:19 of 2nd period - Shot by Trevor Smith.
1:19 of 2nd period - Deflect By Ben Street.
1:19 of 2nd period - Shot Misses the Net.
1:21 of 2nd period - Shot by Chris Phillips.
1:21 of 2nd period - Stopped by Henrik Lundqvist without a rebound.
1:22 of 2nd period - Ben Street wins face-off versus Mikko Koivu in Canucks zone.
1:29 of 2nd period - Shot by Nick Schultz.
1:29 of 2nd period - Goal by Nick Schultz - Oilers : 1 - Canucks : 2.
1:30 of 2nd period - Claude Giroux wins face-off versus Brandon Sutter in neutral zone.
1:32 of 2nd period - Matt Carle is hit by Chris Phillips and loses puck.
1:40 of 2nd period - Minor Penalty to Chris Phillips for Holding.
1:41 of 2nd period - Dustin Jeffrey wins face-off versus Claude Giroux in Oilers zone.
2:20 of 2nd period - Claude Giroux is hit by Dennis Wideman and loses puck.
2:32 of 2nd period - P.K. Subban is hit by Dennis Wideman and loses puck.
3:41 of 2nd period - Shot by Claude Giroux.
3:41 of 2nd period - Shot Misses the Net.
3:46 of 2nd period - Ryan OReilly is hit by Chris Phillips and loses puck.
3:53 of 2nd period - Shot by Lars Eller.
3:53 of 2nd period - Shot Misses the Net.
4:14 of 2nd period - Minor Penalty to P.K. Subban for Interference.
4:15 of 2nd period - Ben Street wins face-off versus Mikko Koivu in Canucks zone.
4:16 of 2nd period - Shot by Scott Hannan.
4:16 of 2nd period - Shot Blocked by Jonas Brodin.
4:26 of 2nd period - Shot by Drew Miller.
4:26 of 2nd period - Stopped by Henrik Lundqvist without a rebound.
4:27 of 2nd period - Mikko Koivu wins face-off versus Dustin Jeffrey in Canucks zone.
4:27 of 2nd period - Alex Pietrangelo is hit by Adam Burish and loses puck.
5:09 of 2nd period - Icing by Jeff Schultz.
5:10 of 2nd period - Dustin Jeffrey wins face-off versus Mikko Koivu in Oilers zone.
5:28 of 2nd period - Off-side.
5:29 of 2nd period - Ben Street wins face-off versus Mikko Koivu in neutral zone.
5:37 of 2nd period - Icing by Scott Hannan.
5:38 of 2nd period - Ben Street wins face-off versus Lars Eller in Oilers zone.
5:52 of 2nd period - Shot by Ben Street.
5:52 of 2nd period - Shot Misses the Net.
5:54 of 2nd period - Shot by Scott Hannan.
5:54 of 2nd period - Goal by Scott Hannan - Oilers : 2 - Canucks : 2.
5:55 of 2nd period - Claude Giroux wins face-off versus Brandon Sutter in neutral zone.
6:48 of 2nd period - Minor Penalty to Erik Karlsson for Holding.
6:49 of 2nd period - Mikko Koivu wins face-off versus Dustin Jeffrey in Canucks zone.
7:50 of 2nd period - Icing by Chris Phillips.
7:51 of 2nd period - Marcus Kruger wins face-off versus Trevor Smith in Oilers zone.
10:10 of 2nd period - Colin McDonald is hit by Dmitry Kulikov and loses puck.
10:20 of 2nd period - Andrei Loktionov is hit by Scott Hannan and loses puck.
11:09 of 2nd period - Shot by Jonas Brodin.
11:09 of 2nd period - Stopped by Richard Bachman with a rebound.
11:23 of 2nd period - Shot by Mikko Koivu.
11:23 of 2nd period - Stopped by Richard Bachman without a rebound.
11:24 of 2nd period - Ryan OReilly wins face-off versus Brandon Sutter in Oilers zone.
12:19 of 2nd period - Icing by Scott Hannan.
12:20 of 2nd period - Mikko Koivu wins face-off versus Dustin Jeffrey in Oilers zone.
12:49 of 2nd period - Shot by Logan Couture.
12:49 of 2nd period - Shot Misses the Net.
12:51 of 2nd period - Shot by Logan Couture.
12:51 of 2nd period - Shot Blocked by Scott Hannan.
12:58 of 2nd period - Off-side.
12:59 of 2nd period - Jochen Hecht wins face-off versus Claude Giroux in neutral zone.
13:05 of 2nd period - Jochen Hecht is hit by P.K. Subban and loses puck.
13:43 of 2nd period - Shot by Claude Giroux.
13:43 of 2nd period - Shot Misses the Net.
14:11 of 2nd period - Shot by Lars Eller.
14:11 of 2nd period - Deflect By Ryan OReilly.
14:11 of 2nd period - Stopped by Richard Bachman without a rebound.
14:12 of 2nd period - Dustin Jeffrey wins face-off versus Mikko Koivu in Oilers zone.
14:12 of 2nd period - Dustin Jeffrey is hit by Mikko Koivu.
14:39 of 2nd period - Shot by Mikko Koivu.
14:39 of 2nd period - Shot Blocked by Jeff Schultz.
14:41 of 2nd period - Shot by Logan Couture.
14:41 of 2nd period - Stopped by Richard Bachman without a rebound.
14:42 of 2nd period - Lars Eller wins face-off versus Brandon Sutter in Oilers zone.
14:46 of 2nd period - Icing by Nick Schultz.
14:47 of 2nd period - Claude Giroux wins face-off versus Brandon Sutter in Oilers zone.
14:47 of 2nd period - Claude Giroux is hit by Nick Schultz.
14:49 of 2nd period - Shot by Erik Karlsson.
14:49 of 2nd period - Stopped by Richard Bachman without a rebound.
14:50 of 2nd period - Mikko Koivu wins face-off versus Brandon Sutter in Oilers zone.
14:57 of 2nd period - Shot by Trevor Smith.
14:57 of 2nd period - Stopped by Henrik Lundqvist with a rebound.
15:34 of 2nd period - Icing by Nikolai Kulemin.
15:35 of 2nd period - Claude Giroux wins face-off versus Brandon Sutter in Oilers zone.
15:46 of 2nd period - Shot by Adam Henrique.
15:46 of 2nd period - Stopped by Richard Bachman with a rebound.
15:48 of 2nd period - Shot by P.K. Subban.
15:48 of 2nd period - Shot Misses the Net.
16:46 of 2nd period - Shot by Ryan OReilly.
16:46 of 2nd period - Stopped by Richard Bachman without a rebound.
16:47 of 2nd period - Mikko Koivu wins face-off versus Ben Street in Oilers zone.
16:51 of 2nd period - Logan Couture is hit by Chris Phillips.
18:47 of 2nd period - Shot by Claude Giroux.
18:47 of 2nd period - Shot Misses the Net.
18:49 of 2nd period - Shot by P.K. Subban.
18:49 of 2nd period - Stopped by Richard Bachman without a rebound.
18:50 of 2nd period - Scott Hartnell wins face-off versus Ben Street in Oilers zone.
19:01 of 2nd period - Shot by Ryan OReilly.
19:01 of 2nd period - Deflect By Scott Hartnell.
19:01 of 2nd period - Stopped by Richard Bachman without a rebound.
19:02 of 2nd period - Dustin Jeffrey wins face-off versus Claude Giroux in Oilers zone.
19:02 of 2nd period - Dustin Jeffrey is hit by Claude Giroux.
19:41 of 2nd period - Shot by Claude Giroux.
19:41 of 2nd period - Deflect By Alex Chiasson.
19:41 of 2nd period - Shot Misses the Net.
19:47 of 2nd period - Shot by Claude Giroux.
19:47 of 2nd period - Stopped by Richard Bachman without a rebound.
19:48 of 2nd period - Jochen Hecht wins face-off versus Ryan OReilly in Oilers zone.
19:48 of 2nd period - Ben Street is hit by Scott Hartnell and loses puck.
19:54 of 2nd period - Ryan OReilly is hit by Erik Gustafsson and loses puck.
Goals for this period are 2 for Oilers vs 0 for Canucks.
Shots for this period are 5 for Oilers vs 10 for Canucks.

3rd period


0:01 of 3rd period - Logan Couture wins face-off versus Dustin Jeffrey in neutral zone.
1:24 of 3rd period - Shot by Ryan OReilly.
1:24 of 3rd period - Stopped by Richard Bachman without a rebound.
1:25 of 3rd period - Brandon Sutter wins face-off versus Claude Giroux in Oilers zone.
1:57 of 3rd period - Shot by Adam Henrique.
1:57 of 3rd period - Shot Misses the Net.
2:14 of 3rd period - Icing by Matt Carle.
2:15 of 3rd period - Dustin Jeffrey wins face-off versus Alex Chiasson in Canucks zone.
2:19 of 3rd period - Icing by Matt Carle.
2:20 of 3rd period - Dustin Jeffrey wins face-off versus Claude Giroux in Canucks zone.
2:53 of 3rd period - Alex Pietrangelo is hit by Adam Burish and loses puck.
3:06 of 3rd period - Shot by Ryan OReilly.
3:06 of 3rd period - Stopped by Richard Bachman without a rebound.
3:07 of 3rd period - Ben Street wins face-off versus Mikko Koivu in Oilers zone.
3:07 of 3rd period - Ben Street is hit by Mikko Koivu.
3:08 of 3rd period - Ben Street from Oilers is injured at 3:08 of 3rd period (Sprained Left Ankle).
3:09 of 3rd period - Mikko Koivu wins face-off versus Colin McDonald in Oilers zone.
3:19 of 3rd period - Icing by Scott Hannan.
3:20 of 3rd period - Jochen Hecht wins face-off versus Ryan OReilly in Oilers zone.
3:24 of 3rd period - Scott Hannan is hit by P.K. Subban and loses puck.
3:45 of 3rd period - Ryan OReilly is hit by Scott Hannan.
3:58 of 3rd period - Shot by P.K. Subban.
3:58 of 3rd period - Stopped by Richard Bachman without a rebound.
3:59 of 3rd period - Mikko Koivu wins face-off versus Dustin Jeffrey in Oilers zone.
4:04 of 3rd period - Shot by Mikko Koivu.
4:04 of 3rd period - Shot Misses the Net.
4:21 of 3rd period - Shot by Daniel Bang.
4:21 of 3rd period - Stopped by Henrik Lundqvist without a rebound.
4:22 of 3rd period - Claude Giroux wins face-off versus Trevor Smith in Canucks zone.
4:22 of 3rd period - Claude Giroux is hit by Nikolai Kulemin.
5:02 of 3rd period - Shot by Nikolai Kulemin.
5:02 of 3rd period - Shot Blocked by Matt Carle.
5:04 of 3rd period - Shot by Dennis Wideman.
5:04 of 3rd period - Stopped by Henrik Lundqvist without a rebound.
5:05 of 3rd period - Dustin Jeffrey wins face-off versus Mikko Koivu in Canucks zone.
5:12 of 3rd period - Shot by Mikko Koivu.
5:12 of 3rd period - Stopped by Richard Bachman without a rebound.
5:13 of 3rd period - Mikko Koivu wins face-off versus Dustin Jeffrey in Oilers zone.
5:35 of 3rd period - Daniel Bang is hit by Erik Karlsson and loses puck.
5:49 of 3rd period - Shot by Jeff Schultz.
5:49 of 3rd period - Shot Misses the Net.
6:33 of 3rd period - Shot by Ryan OReilly.
6:33 of 3rd period - Stopped by Richard Bachman with a rebound.
6:35 of 3rd period - Shot by Scott Hartnell.
6:35 of 3rd period - Goal by Scott Hartnell - Oilers : 2 - Canucks : 3.
6:36 of 3rd period - Brandon Sutter wins face-off versus Claude Giroux in neutral zone.
6:54 of 3rd period - Dennis Wideman is hit by Alex Chiasson and loses puck.
7:57 of 3rd period - Shot by Lars Eller.
7:57 of 3rd period - Stopped by Richard Bachman without a rebound.
7:58 of 3rd period - Colin McDonald wins face-off versus Mikko Koivu in Oilers zone.
8:08 of 3rd period - Minor Penalty to Alex Pietrangelo for Roughing.
8:08 of 3rd period - Minor Penalty to Drew Miller for Roughing.
8:09 of 3rd period - Adam Henrique wins face-off versus Colin McDonald in Canucks zone.
8:42 of 3rd period - Shot by Adam Henrique.
8:42 of 3rd period - Stopped by Richard Bachman without a rebound.
8:43 of 3rd period - Brian Flynn wins face-off versus Alex Chiasson in Oilers zone.
9:29 of 3rd period - Icing by Adam Burish.
9:30 of 3rd period - Adam Henrique wins face-off versus Colin McDonald in Oilers zone.
10:21 of 3rd period - Shot by Mikko Koivu.
10:21 of 3rd period - Shot Blocked by Drew Miller.
10:28 of 3rd period - Icing by Erik Gustafsson.
10:29 of 3rd period - Marcus Kruger wins face-off versus Brian Flynn in Oilers zone.
10:29 of 3rd period - Marcus Kruger is hit by Erik Gustafsson.
11:14 of 3rd period - Off-side.
11:15 of 3rd period - Dustin Jeffrey wins face-off versus Mikko Koivu in neutral zone.
11:28 of 3rd period - Shot by Daniel Bang.
11:28 of 3rd period - Shot Blocked by Jonas Brodin.
11:38 of 3rd period - Shot by Logan Couture.
11:38 of 3rd period - Shot Misses the Net.
11:40 of 3rd period - Shot by Phil Kessel.
11:40 of 3rd period - Stopped by Richard Bachman without a rebound.
11:41 of 3rd period - Brandon Sutter wins face-off versus Claude Giroux in Oilers zone.
11:41 of 3rd period - Brandon Sutter is hit by Claude Giroux.
11:44 of 3rd period - Chris Phillips is hit by Claude Giroux and loses puck.
12:02 of 3rd period - Icing by Chris Phillips.
12:03 of 3rd period - Brandon Sutter wins face-off versus Ryan OReilly in Oilers zone.
12:42 of 3rd period - Lars Eller is hit by Chris Phillips.
13:17 of 3rd period - Phil Kessel is hit by Daniel Bang and loses puck.
13:36 of 3rd period - Shot by Mikko Koivu.
13:36 of 3rd period - Goal by Mikko Koivu - Oilers : 2 - Canucks : 4.
13:37 of 3rd period - Colin McDonald wins face-off versus Claude Giroux in neutral zone.
13:45 of 3rd period - Shot by Claude Giroux.
13:45 of 3rd period - Stopped by Richard Bachman with a rebound.
13:47 of 3rd period - Shot by Claude Giroux.
13:47 of 3rd period - Shot Misses the Net.
13:49 of 3rd period - Shot by Matt Carle.
13:49 of 3rd period - Stopped by Richard Bachman without a rebound.
13:50 of 3rd period - Colin McDonald wins face-off versus Marcus Kruger in Oilers zone.
13:50 of 3rd period - Scott Hannan is hit by Ryan Johansen and loses puck.
14:05 of 3rd period - Shot by Marcus Kruger.
14:05 of 3rd period - Stopped by Richard Bachman with a rebound.
14:27 of 3rd period - Shot by Ryan Johansen.
14:27 of 3rd period - Shot Misses the Net.
14:29 of 3rd period - Shot by Ryan Johansen.
14:29 of 3rd period - Stopped by Richard Bachman with a rebound.
14:44 of 3rd period - Icing by Nick Schultz.
14:45 of 3rd period - Colin McDonald wins face-off versus Claude Giroux in Oilers zone.
14:45 of 3rd period - Nick Schultz is hit by Claude Giroux and loses puck.
15:10 of 3rd period - Shot by Alex Chiasson.
15:10 of 3rd period - Shot Misses the Net.
15:17 of 3rd period - Icing by Jochen Hecht.
15:18 of 3rd period - Colin McDonald wins face-off versus Mikko Koivu in Oilers zone.
15:27 of 3rd period - Icing by Phil Kessel.
15:28 of 3rd period - Mikko Koivu wins face-off versus Dustin Jeffrey in Canucks zone.
15:28 of 3rd period - Matt Carle is hit by Adam Burish and loses puck.
15:35 of 3rd period - Shot by Dustin Jeffrey.
15:35 of 3rd period - Stopped by Henrik Lundqvist without a rebound.
15:36 of 3rd period - Claude Giroux wins face-off versus Dustin Jeffrey in Canucks zone.
17:00 of 3rd period - Shot by Lars Eller.
17:00 of 3rd period - Shot Misses the Net.
17:02 of 3rd period - Shot by Ryan OReilly.
17:02 of 3rd period - Stopped by Richard Bachman without a rebound.
17:03 of 3rd period - Mikko Koivu wins face-off versus Colin McDonald in Oilers zone.
17:28 of 3rd period - Shot by Drew Miller.
17:28 of 3rd period - Stopped by Henrik Lundqvist without a rebound.
17:29 of 3rd period - Ryan OReilly wins face-off versus Brandon Sutter in Canucks zone.
17:29 of 3rd period - Ryan OReilly is hit by Nikolai Kulemin.
17:59 of 3rd period - Shot by Lars Eller.
17:59 of 3rd period - Stopped by Richard Bachman without a rebound.
18:00 of 3rd period - Dustin Jeffrey wins face-off versus Phil Kessel in Oilers zone.
18:16 of 3rd period - Icing by Erik Gustafsson.
18:17 of 3rd period - Claude Giroux wins face-off versus Dustin Jeffrey in Oilers zone.
18:24 of 3rd period - Shot by Claude Giroux.
18:24 of 3rd period - Shot Misses the Net.
Goals for this period are 0 for Oilers vs 2 for Canucks.
Shots for this period are 4 for Oilers vs 16 for Canucks.


Output by the SimonT Hockey Simulator (STHS) for Stephane Roy -- Original Page W3C XHTML 1.0 Valid
Hockey Simulator - Hockey Simulation - Hockey Manager